Map: Divergence LE

Players

Massa - Winner!

  • Race: Terran Terran
  • League: Gold
  • Spawn Location: 11:00

qqq - Winner!

  • Race: Protoss Protoss
  • League: Platinum
  • Spawn Location: 11:00

łorzeh

  • Race: Zerg Zerg
  • League: Diamond
  • Spawn Location: 5:00

seratul

  • Race: Protoss Protoss
  • League: Gold
  • Spawn Location: 5:00

VOD

Have the link to the VOD?

Description

Time

  • Played on: Aug. 26, 2020, 11:55 a.m.
  • Length: 11:36
Show
View Real Time Build Order
Export as new Build Order

Massa Terran - Winner!

Build Orders: Reaper Expand 

Get SALT Encoding   

  12  0:02  SCV  
  13  0:14  SCV  
  13  0:19  Supply Depot  
  14  0:26  SCV  
  15  0:41  Refinery, SCV  
  16  0:45  Barracks  
  16  0:53  SCV  
  17  1:05  SCV  
  18  1:17  Refinery, SCV  
  19  1:33  Reaper  
  20  1:42  SCV  
  20  1:45  Command Center  
  21  1:55  Orbital Command  
  21  2:04  Marine  
  22  2:17  Factory  
  22  2:22  Marine  
  22  2:29  Supply Depot  
  23  2:34  Supply Depot  
  24  2:51  SCV  
  24  3:06  SCV x2  
  25  3:14  Factory Tech Lab  
  25  3:15  Barracks Tech Lab  
  25  3:18  SCV  
  25  3:19  SCV  
  27  3:22  Barracks  
  27  3:26  Starport  
  27  3:30  SCV  
  27  3:31  SCV  
  29  3:37  Stimpack  
  29  3:43  Orbital Command  
  29  3:50  Marauder  
  29  3:52  Siege Tank  
  34  3:59  SCV  
  35  4:10  Medivac  
  35  4:11  SCV  
  35  4:12  Marauder  
  35  4:14  SCV  
  41  4:23  SCV  
  42  4:25  Widow Mine  
  42  4:26  SCV  
  42  4:28  Barracks Reactor  
  43  4:35  SCV  
  42  4:45  Marine  
  39  4:46  Widow Mine  
  35  5:03  SCV x2, Marine  
  38  5:15  SCV x2  
  38  5:21  Marine  
  41  5:27  SCV  
  41  5:28  SCV  
  43  5:33  Medivac  
  43  5:34  Marine x2  
  47  5:39  Marauder  
  47  5:40  SCV x2  
  47  5:42  Widow Mine  
  53  5:52  SCV  
  53  5:54  Marine x2, Supply Depot  
  53  5:56  Supply Depot  
  54  6:09  Widow Mine  
  54  6:10  Marauder  
  54  6:12  Marine x2  
  54  6:14  SCV x2  
  49  6:26  SCV  
  49  6:29  Combat Shield  
  49  6:30  Marine x2  
  52  6:36  SCV  
  52  6:39  SCV, Marauder  
  56  6:43  Siege Tank  
  59  6:48  SCV, Marine x2  
  62  6:56  SCV  
  62  6:58  Command Center  
  62  7:00  SCV  
  62  7:01  Marauder  
  66  7:06  Marine x2  
  68  7:09  SCV  
  68  7:12  SCV  
  70  7:32  Supply Depot  
  70  7:34  Supply Depot  
  70  7:53  Marine  
  70  7:54  Marauder  
  70  7:56  Supply Depot  
  73  7:59  Supply Depot  
  73  8:03  Marine  
  74  8:06  Siege Tank  
  74  8:07  Medivac  
  74  8:11  Marine  
  80  8:15  Marauder  
  82  8:21  Marine  
  83  8:29  Marine  
  84  8:37  Marauder, Medivac  
  84  8:39  Marine  
  84  8:40  Orbital Command  
  89  8:41  SCV  
  89  8:42  SCV  
  91  8:53  SCV  
  91  8:54  SCV  
  93  8:58  Marauder  
  95  9:05  SCV  
  95  9:06  SCV  
  97  9:17  SCV  
  97  9:18  SCV  
  97  9:19  Marauder  
  99  9:29  SCV  
  99  9:30  SCV  
  72  9:59  Marauder, Marine  
  75  10:00  Marine  
  75  10:02  Siege Tank  
  75  10:05  Liberator  
  82  10:17  Marine  
  82  10:18  Marine  
  82  10:21  Marauder  
  70  10:34  Siege Tank  
  70  10:35  Marine x2  
  69  10:39  Command Center  
  69  10:42  Marauder  
  72  10:48  Liberator  
  72  10:49  Engineering Bay  
  75  10:51  Command Center  
  75  10:52  Engineering Bay  
  75  10:53  Marine x2  
  77  11:03  Marauder  
Show
View Real Time Build Order
Export as new Build Order

qqq Protoss - Winner!

Build Orders:  

Get SALT Encoding   

  12  0:02  Probe  
  13  0:14  Probe  
  14  0:25  Pylon  
  14  0:39  Probe  
  14  0:41  Pylon  
  15  0:45  Gateway  
  15  0:51  Probe  
  16  1:05  Probe  
  16  1:07  Forge  
  17  1:14  Pylon  
  17  1:19  Probe  
  18  1:48  Photon Cannon  
  18  1:50  Pylon  
  17  2:09  Nexus  
  17  2:13  Pylon  
  17  2:16  Probe  
  18  2:26  Cybernetics Core  
  18  2:29  Probe  
  19  2:35  Assimilator  
  19  2:39  Assimilator  
  19  2:41  Probe  
  20  2:50  Pylon  
  20  3:00  Probe  
  21  3:12  Probe, Photon Cannon  
  22  3:18  Photon Cannon  
  22  3:24  Probe  
  22  3:26  Probe  
  24  3:38  Probe, Stargate  
  25  3:51  Probe  
  26  4:06  Probe  
  26  4:08  Stargate  
  27  4:18  Probe (Chrono Boost)  
  27  4:23  Phoenix (Chrono Boost)  
  30  4:27  Assimilator  
  30  4:30  Probe (Chrono Boost)  
  31  4:31  Assimilator  
  31  4:37  Probe (Chrono Boost)  
  31  4:38  Probe (Chrono Boost)  
  33  4:44  Probe  
  33  4:45  Probe  
  35  4:57  Probe  
  36  5:00  Phoenix x2  
  40  5:09  Probe  
  42  5:21  Probe  
  42  5:25  Phoenix  
  44  5:33  Probe  
  43  5:43  Probe  
  43  5:45  Probe, Phoenix  
  47  5:50  Phoenix  
  47  5:55  Probe  
  50  5:57  Probe, Photon Cannon  
  50  6:01  Photon Cannon, Protoss Air Weapons Level 1  
  50  6:03  Pylon  
  51  6:04  Photon Cannon  
  51  6:09  Probe  
  52  6:16  Phoenix x2  
  56  6:21  Probe  
  56  6:34  Probe  
  56  6:37  Probe  
  56  6:39  Pylon  
  58  6:41  Phoenix x2  
  58  6:46  Probe  
  63  7:06  Phoenix x2  
  59  7:31  Phoenix x2  
  63  7:37  Stargate  
  63  7:55  Phoenix  
  63  7:56  Phoenix  
  65  8:20  Probe, Phoenix  
  65  8:21  Phoenix  
  65  8:23  Nexus  
  70  8:27  Pylon  
  70  8:29  Pylon  
  70  8:32  Pylon  
  70  8:33  Probe  
  71  8:38  Nexus  
  71  8:42  Pylon  
  71  8:46  Phoenix, Pylon  
  73  8:52  Pylon  
  73  8:54  Nexus  
  73  8:55  Pylon  
  73  8:57  Fleet Beacon  
  73  9:10  Photon Cannon  
  73  9:11  Photon Cannon  
  73  9:13  Photon Cannon  
  73  9:45  Anion Pulse-Crystals  
  73  9:48  Carrier  
  79  9:55  Probe x2  
  81  10:00  Photon Cannon  
  81  10:07  Probe, Photon Cannon  
  81  10:08  Probe  
  83  10:19  Probe  
  83  10:20  Probe  
  83  10:24  Carrier  
  89  10:32  Probe x2  
  97  10:51  Tempest  
  102  11:06  Probe x3  
  102  11:09  Assimilator  
  105  11:14  Photon Cannon  
  105  11:16  Shield Battery  
  105  11:18  Probe x3  
Show
View Real Time Build Order
Export as new Build Order

łorzeh Zerg 

Build Orders: Hatch First 

Get SALT Encoding   

  12  0:07  Overlord  
  12  0:13  Drone  
  13  0:17  Drone  
  14  0:26  Drone  
  15  0:30  Drone  
  16  0:42  Drone  
  17  1:10  Hatchery  
  16  1:14  Drone  
  16  1:15  Drone x2  
  19  1:31  Spawning Pool  
  19  1:32  Drone  
  19  1:38  Drone  
  20  1:48  Drone  
  21  2:05  Hatchery  
  21  2:07  Drone  
  21  2:10  Extractor  
  21  2:11  Drone  
  22  2:29  Extractor  
  21  2:43  Overlord x2  
  21  2:48  Spine Crawler, Queen  
  22  3:01  Drone  
  22  3:02  Drone  
  24  3:23  Zergling x6  
  27  3:28  Zergling x2  
  27  3:31  Zergling x2  
  29  3:34  Lair  
  27  4:37  Infestation Pit  
  26  4:41  Hatchery x2  
  26  4:43  Hatchery  
  21  4:56  Zergling x14  
  21  4:57  Zergling x4  
  29  5:02  Queen  
  29  5:04  Overlord x3  
  31  5:15  Spore Crawler  
  31  5:20  Metabolic Boost  
  30  5:26  Drone  
  30  5:27  Drone x2  
  33  5:45  Drone x4  
  35  6:22  Hive  
  35  6:28  Drone  
  35  6:29  Drone x7  
  43  6:36  Drone x3  
  43  6:37  Drone x3  
  49  6:44  Hatchery  
  48  6:56  Zergling x8  
  48  6:57  Zergling x6  
  55  7:24  Spore Crawler  
  52  7:39  Ultralisk Cavern  
  43  7:55  Zergling x12  
  43  7:57  Overlord x4  
  48  8:08  Zergling x2  
  48  8:10  Overlord x3  
  47  8:21  Drone  
  47  8:22  Drone x4  
  51  8:34  Ultralisk x2  
  44  8:36  Ultralisk  
  56  8:45  Adrenal Glands  
  56  8:56  Ultralisk  
  62  9:03  Chitinous Plating  
  62  9:07  Zergling x4  
  62  9:08  Zergling x2  
  62  9:09  Zergling x4  
  67  9:12  Zergling x2  
  58  9:28  Zergling x2  
  58  9:29  Zergling x20  
  31  9:43  Ultralisk  
  37  9:53  Zergling x2  
  37  9:54  Zergling x6  
  47  10:07  Ultralisk  
  36  10:23  Zergling x2  
  36  10:24  Zergling x10  
  38  10:31  Zergling x6  
  41  10:40  Zergling x2  
  41  10:41  Zergling x4  
Show
View Real Time Build Order
Export as new Build Order

seratul Protoss 

Build Orders: Oracle Opening 

Get SALT Encoding   

  12  0:00  Probe  
  13  0:12  Probe  
  14  0:20  Pylon  
  14  0:24  Probe  
  15  0:36  Assimilator  
  15  0:38  Probe  
  15  0:41  Assimilator  
  16  0:53  Gateway  
  16  0:57  Probe  
  17  1:09  Probe (Chrono Boost)  
  19  1:19  Probe (Chrono Boost)  
  19  1:24  Probe (Chrono Boost)  
  20  1:36  Probe (Chrono Boost)  
  21  1:40  Cybernetics Core  
  21  1:41  Probe (Chrono Boost)  
  22  1:57  Pylon  
  22  2:10  Probe  
  23  2:22  Stargate  
  23  2:24  Stargate  
  23  2:39  Stalker (Chrono Boost)  
  24  3:10  Oracle  
  27  3:27  Nexus  
  27  3:54  Oracle  
  30  4:11  Pylon  
  30  4:13  Pylon  
  30  4:23  Void Ray  
  34  4:44  Void Ray  
  38  5:20  Phoenix  
  37  5:24  Probe x2  
  39  5:28  Assimilator  
  39  5:32  Assimilator  
  39  5:36  Probe  
  39  5:41  Phoenix  
  42  5:43  Probe  
  42  5:48  Probe  
  42  5:49  Forge  
  44  5:54  Phoenix  
  44  5:55  Probe  
  47  6:16  Void Ray x2 (Chrono Boost)  
  47  6:25  Pylon  
  55  6:50  Photon Cannon  
  55  6:53  Photon Cannon  
  46  7:10  Void Ray x2 (Chrono Boost)  
  43  7:27  Photon Cannon  
  43  7:28  Photon Cannon  
  35  7:37  Photon Cannon  
Tags
 
Add a new tag
Caveats
  • Supply blocks, unpowered buildings, or Contaminate may cause inaccurate times.
  • Supply counts are checked every 10 seconds.